 Dungeon Crawl Stone Soup version 0.23-a0-754-gf2270e3 (webtiles) character file.

1500 DrEnzyme the Slasher (level 8, -3/76 HPs)
             Began as a Deep Dwarf Wanderer on Jan 18, 2019.
             Slain by an ogre
             ... wielding a +0 giant club
              (18 damage)
             ... on level 7 of the Dungeon.
             The game lasted 00:21:45 (5099 turns).

DrEnzyme the Slasher (Deep Dwarf Wanderer)          Turns: 5099, Time: 00:21:46

Health: -3/76      AC:  8    Str: 17    XL:     8   Next: 52%
Magic:  4/4        EV:  9    Int: 12    God:
Gold:   293        SH:  0    Dex: 14    Spells: 7/7 levels left

rFire    + . .     SeeInvis .   b - +5 falchion
rCold    . . .     Gourm    .   (no shield)
rNeg     + . .     Faith    .   a - +2 scale mail
rPois    .         Spirit   .   (no helmet)
rElec    .         Reflect  .   (no cloak)
rCorr    .         Harm     .   (no gloves)
MR       +....                  (no boots)
Stlth    +.........             (no amulet)
HPRegen  0.00/turn              l - ring of protection from fire
MPRegen  0.09/turn              p - ring of positive energy

@: non-regenerating
A: damage resistance, heal wounds, sense surroundings 1, no regeneration
a: Heal Wounds


You were on level 7 of the Dungeon.
You were not hungry.

You visited 1 branch of the dungeon, and saw 7 of its levels.
You also visited: Sewer and Ossuary.

You collected 293 gold pieces.

Inventory:

Hand Weapons
 b - a +5 falchion (weapon)
 d - a +0 dagger
Missiles
 j - 2 javelins of penetration (quivered)
 o - 3 javelins
Armour
 a - a +2 scale mail (worn)
 k - a +0 ring mail
 A - a scarf of spirit shield
Jewellery
 h - a +2 ring of intelligence
 l - a ring of protection from fire (left hand)
 p - a ring of positive energy (right hand)
 B - an uncursed ring of fire
Scrolls
 c - 2 scrolls of teleportation
 i - 3 scrolls of identify
 m - 9 scrolls of remove curse
 s - a scroll of holy word {unknown}
 u - a scroll of fog {unknown}
 v - 2 scrolls of immolation {unknown}
 x - 2 scrolls of amnesia {unknown}
 y - a scroll of blinking {unknown}
 D - 2 scrolls of enchant armour {unknown}
Potions
 e - 4 potions of lignification
 f - 5 potions of might
 g - 2 potions of mutation
 n - 6 potions of curing
 q - a potion of invisibility
 r - 2 potions of cancellation
 t - a potion of agility
 C - a potion of berserk rage
 E - a potion of haste {unknown}
Comestibles
 w - 8 rations
 z - 2 chunks of flesh


   Skills:
 + Level 6.2 Fighting
 + Level 7.2 Long Blades
 + Level 3.0 Throwing
 - Level 3.2 Armour
 + Level 3.4 Stealth
   Level 1.1 Shields
 - Level 2.1 Unarmed Combat


You had 7 spell levels left.
You didn't know any spells.
Your spell library was empty.

Dungeon Overview and Level Annotations

Branches:
Dungeon (7/15)             Temple (0/1) D:4

Altars:
Wu Jian
Xom
Zin


Innate Abilities, Weirdness & Mutations

You are resistant to damage.
You can heal yourself by infusing magical energy.
You passively map a small area around you.
You do not regenerate.


Message History

You throw a javelin of penetration.
The javelin of penetration pierces through the ogre!
The ogre is moderately wounded.
The ogre closely misses you.
You hit the ogre.
The ogre is heavily wounded.
The ogre hits you with a +0 giant club!
You barely miss the ogre.
The ogre is heavily wounded.
You hit the ogre.
The ogre is heavily wounded.
The ogre hits you with a +0 giant club.
You hit the ogre.
The ogre is severely wounded.
The ogre hits you with a +0 giant club!!
* * * LOW HITPOINT WARNING * * *
You hit the ogre.
The ogre is almost dead.
The ogre hits you with a +0 giant club!!
You die...

#.#J..)## *
#.#l#### +##
#.#h# *..# #.#.#
#.#
#.#o##**##.####
#....# .....#
#######....#
#(##.#
...........#
#O##.#####
#######....#
#@.......# ....#
##...#*
####.###.#
###.####...#
*#.# #.#
...........# ,
..# #.#
..........## **
#### #.#
.##.###...######
######.#
.##.#..........#
#......#
.##.#.#...####.#
#.######
.#.......## #.#
#.#


You could see an ogre.

Vanquished Creatures
  An orc warrior (D:7)
  A sky beast (D:5)
  2 ogres (D:4)
  A big kobold (Sewer)
  A bullfrog (D:7)
  A howler monkey (D:5)
  A bullfrog zombie (Ossuary)
  2 centaur zombies
  2 crimson imps
  An orc wizard (D:4)
  A bullfrog skeleton (D:7)
  2 hounds
  An orc priest (D:4)
  A jelly (D:7)
  An iguana (D:7)
  7 mummies (Ossuary)
  Terence (D:2)
  3 worker ants
  2 killer bee zombies (Ossuary)
  A hound zombie (Ossuary)
  3 worker ant zombies
  12 adders
  A river rat (Sewer)
  2 shadow imps (D:5)
  An ooze (D:5)
  2 adder zombies (Ossuary)
  3 worms
  An adder skeleton (D:4)
  A dart slug (D:1)
  4 leopard geckos
  23 orcs
  2 ball pythons
  A bat (D:1)
  4 giant cockroaches
  3 goblins
  6 hobgoblins
  9 jackals
  9 kobolds
  2 quokkas
  4 frilled lizards (D:2)
  A leopard gecko zombie (Ossuary)
  2 quokka zombies
  10 rats
139 creatures vanquished.

Vanquished Creatures (others)
  2 withered plants (Ossuary)
2 creatures vanquished.

Grand Total: 141 creatures vanquished

Notes
Turn   | Place    | Note
-------+----------+-------------------------------------------
     0 | D:1      | DrEnzyme the Deep Dwarf Wanderer began the quest for the
                  | Orb.
     0 | D:1      | DrEnzyme set off with the following items: a +2 scale mail,
                  | a +0 falchion, a scroll of teleportation, a +0 dagger, a
                  | ration
     0 | D:1      | Reached XP level 1. HP: 20/20 MP: 1/1
   429 | D:1      | Reached XP level 2. HP: 28/28 MP: 2/2
   962 | D:2      | Reached XP level 3. HP: 23/34 MP: 3/3
  1090 | D:2      | Found a faded altar of an unknown god.
  1117 | D:2      | Reached XP level 4. HP: 15/44 MP: 4/4
  1289 | D:2      | Noticed Terence
  1306 | D:2      | Killed Terence
  1306 | D:2      | Reached skill level 1 in Throwing
  1455 | D:3      | Noticed an ice beast
  1557 | D:3      | Reached XP level 5. HP: 29/51 MP: 5/5
  1629 | D:4      | Found a glowing drain.
  1645 | Sewer    | Entered a sewer
  1732 | Sewer    | Reached skill level 1 in Long Blades
  1786 | Sewer    | Found a white marble altar of Elyvilon.
  1962 | D:4      | Found a sand-covered staircase.
  1966 | Ossuary  | Entered an ossuary
  1996 | Ossuary  | Reached skill level 5 in Fighting
  2034 | Ossuary  | Reached skill level 2 in Long Blades
  2034 | Ossuary  | Reached XP level 6. HP: 33/61 MP: 6/6
  2210 | Ossuary  | Reached skill level 3 in Long Blades
  2350 | Ossuary  | Reached XP level 7. HP: 46/67 MP: 7/7
  2570 | D:4      | Reached skill level 4 in Long Blades
  2627 | D:4      | Found a staircase to the Ecumenical Temple.
  2952 | D:4      | Found a shimmering altar of Xom.
  2952 | D:4      | Found a glowing silver altar of Zin.
  2953 | D:4      | Noticed an angel
  3163 | D:5      | Entered Level 5 of the Dungeon
  3208 | D:5      | Reached skill level 5 in Long Blades
  3274 | D:5      | Found an ornate altar of the Wu Jian Council.
  3928 | D:5      | Reached skill level 6 in Long Blades
  3928 | D:5      | Reached XP level 8. HP: 31/76 MP: 5/5
  5018 | D:7      | Reached skill level 7 in Long Blades
  5099 | D:7      | Slain by an ogre

Vault maps used:
D:1:      dpeg_arrival_leaves_temple_mockup
D:2:      chequers_ecumenical_altar_simple_redux, uniq_terence
D:3:      lemuel_coloured_pillars_altar, first_ration, uniq_ijyb, uniq_grinder
D:4:      grunt_temple_overflow_order_and_chaos_1, minmay_temple_entry_junction,
          lightli_ossuary_entry_decrepit_ruins, cheibrodos_sewer_entry_drain,
          minmay_crystal_water, kennysheep_generic_room_8
D:5:      lemuel_round_altar, nrook_campfire
D:6:      minmay_opposing_rooms
D:7:      kennysheep_mini, minmay_ruined_shrine
Sewer:    sewer_kobolds
Ossuary:  ossuary_zaba_flooded

Skill      XL: |  1  2  3  4  5  6  7  8 |
---------------+-------------------------+-----
Fighting       | 3 4 5 6 |  6.2
Stealth        | 3 |  3.4
Throwing       | 1 2 3 |  3.0
Long Blades    | 2 3 6 7 |  7.2
Unarmed Combat | 2 |  2.1
Armour         | |  3.2
Shields        | |  1.1

Action                   |  1- 3 |  4- 6 |  7- 9 || total
-------------------------+-------+-------+-------++-------
Melee: Falchion          |   110 |   298 |   294 ||   702
       Punch             |     1 |     3 |     2 ||     6
Throw: Javelin           |    12 |    31 |    31 ||    74
 Abil: Heal Wounds       |       |     7 |     9 ||    16
  Use: Scroll            |     2 |     1 |    15 ||    18
       Potion            |       |     2 |     2 ||     4
 Stab: Sleeping          |       |       |     1 ||     1
  Eat: Chunk             |     1 |     3 |     8 ||    12
       Ration            |       |     1 |       ||     1
Armor: Scale mail        |    72 |   143 |   123 ||   338
Dodge: Dodged            |    80 |   145 |   129 ||   354
       Rpst.: Falchion   |    34 |    43 |    48 ||   125

Table legend:
 A = Non-vault XP
 B = Vault XP
 C = Vault XP percentage of total XP
 D = Non-vault monster count
 E = Vault monster count
 F = Vault count percentage of total count
                 A         B        C        D         E       F
            +---------+---------+-------+---------+---------+-------
      Total |    1239 |     905 |  42.2 |     102 |      37 |  26.6
            +---------+---------+-------+---------+---------+-------
        D:1 |      29 |       0 |   0.0 |      15 |       0 |   0.0
        D:2 |      97 |      36 |  27.1 |      25 |       1 |   3.8
        D:3 |      36 |       0 |   0.0 |      10 |       0 |   0.0
        D:4 |     372 |       3 |   0.8 |      14 |       2 |  12.5
        D:5 |     467 |       0 |   0.0 |      19 |       0 |   0.0
        D:6 |     168 |       0 |   0.0 |      12 |       0 |   0.0
        D:7 |      70 |     299 |  81.0 |       7 |       5 |  41.7
      Sewer |       0 |     126 | 100.0 |       0 |      11 | 100.0
    Ossuary |       0 |     441 | 100.0 |       0 |      18 | 100.0
            +---------+---------+-------+---------+---------+-------
